 Dungeon Crawl Stone Soup version 0.24-a0-445-gd5110b030a (webtiles) character file.

Game seed: 10525456049144996115

34 vurker the Chopper (level 3, -5/33 HPs)
             Began as a Hill Orc Monk on June 22, 2019.
             Slain by a worm (10 damage)
             ... on level 2 of the Dungeon.
             The game lasted 00:02:17 (1730 turns).

vurker the Chopper (Hill Orc Monk)                  Turns: 1730, Time: 00:02:17

Health: -5/33      AC:  2    Str: 14    XL:     3   Next: 31%
Magic:  3/3        EV: 13    Int: 10    God:
Gold:   22         SH:  0    Dex: 13    Spells: 2/2 levels left

rFire    . . .     SeeInvis .   a - +0 hand axe
rCold    . . .     Gourm    .   (no shield)
rNeg     . . .     Faith    .   b - +0 robe
rPois    .         Spirit   .   (no helmet)
rElec    .         Reflect  .   (no cloak)
rCorr    .         Harm     .   (no gloves)
MR       .....                  (no boots)
Stlth    ++........             (no amulet)
HPRegen  0.11/turn              (no ring)
MPRegen  0.08/turn              (no ring)

@: no status effects
A: no striking features
a: no special abilities


You were on level 2 of the Dungeon.
You were not hungry.

You visited 1 branch of the dungeon, and saw 2 of its levels.

You collected 22 gold pieces.

Inventory:

Hand Weapons
 a - a +0 hand axe (weapon)
Armour
 b - a +0 robe (worn)
Scrolls
 d - a scroll of enchant weapon {unknown}
 f - 2 scrolls of noise {unknown}
 g - a scroll of identify {unknown}
 h - a scroll of fog {unknown}
Comestibles
 e - a ration {!d}


   Skills:
 + Level 4.1 Fighting
 * Level 5.3 Axes
 - Level 2.4 Dodging
 - Level 1.5 Stealth


You had 2 spell levels left.
You didn't know any spells.
Your spell library was empty.

Dungeon Overview and Level Annotations

Branches:
Dungeon (2/15)

Altars:


Message History

You eat one of the 2 rations {!d}.
That ration really hit the spot!
You climb downwards.
The worm bites you!
There is a stone staircase leading up, spattered with blood here.
You hit the worm. The worm bites you.
You hit the worm but do no damage. You hit the worm. The worm bites you!
* * * LOW HITPOINT WARNING * * *
You hit the worm. You hit the worm. The worm barely misses you.
You barely miss the worm. The worm bites you!
* * * LOW HITPOINT WARNING * * *
You hit the worm. You hit the worm. The worm bites you.
* * * LOW HITPOINT WARNING * * *
You hit the worm. The worm bites you.
* * * LOW HITPOINT WARNING * * *
A bat comes into view.
The helpless bat fails to defend itself.
You slash the bat!
You kill the bat!
You see here a bat corpse.
You butcher the bat corpse.
c - a chunk of flesh You see here a bat skeleton.
A goblin comes into view.
Found a stone staircase leading up.
There is a stone staircase leading up here.
You climb upwards.
There is a stone staircase leading down here.
You start resting.
You climb downwards.
There is a stone staircase leading up here.
The goblin shouts!
The worm bites you.
You hit the worm. The worm bites you.
You barely miss the worm.
All of the chunks of flesh in your inventory have rotted away.
You hit the worm. The worm bites you!
You hit the worm. The worm barely misses you.
You completely miss the worm. You hit the goblin. The goblin hits you.
* * * LOW HITPOINT WARNING * * *
You barely miss the worm. You miss the goblin. The worm bites you!
* * * LOW HITPOINT WARNING * * *
The goblin hits you but does no damage.
You closely miss the goblin. You barely miss the worm.
The goblin completely misses you.
You hit the goblin.
You kill the goblin!
You completely miss the worm. The worm bites you!
You die...

############
#.......<@.# ###
#.########w# ..#
#.# #.# #.# #.#
###.# ####.# #.#
#÷w.# .....###.#
##.###
#..)....<#####.#.#
).........w...###..
#.#÷.#.#######.#
#.#


You could see a worm.

Vanquished Creatures
  A dart slug (D:1)
  A leopard gecko (D:2)
  7 bats
  A giant cockroach (D:1)
  5 goblins
  4 hobgoblins
  3 kobolds
  2 frilled lizards (D:1)
  4 rats
28 creatures vanquished.

Notes
Turn   | Place    | Note
-------+----------+-------------------------------------------
     0 | D:1      | vurker the Hill Orc Monk began the quest for the Orb.
     0 | D:1      | Reached XP level 1. HP: 19/19 MP: 1/1
   436 | D:1      | Reached XP level 2. HP: 24/27 MP: 2/2
   866 | D:1      | Reached skill level 5 in Axes
   908 | D:1      | Reached XP level 3. HP: 30/33 MP: 3/3
  1730 | D:2      | Slain by a worm

Levels and vault maps discovered:
D:1:      lemuel_arrival_broad_hall, layout_loops_ring
D:2:      layout_loops_ring, good_gods_temple_1, overflow_temple_1_default,
          grunt_decor_cap, uniq_natasha

Skill      XL: |  1  2 |
---------------+-------+-----
Fighting       | 4 |  4.1
Axes           | 5 |  5.3
Dodging        | |  2.4
Stealth        | |  1.5

Action                   || total
-------------------------++-------
Melee: Hand axe          ||   116
 Stab: Sleeping          ||     3
  Eat: Ration            ||     1
       Chunk             ||     1
Armor: Robe              ||    21
Dodge: Dodged            ||    75

Table legend:
 A = Non-vault XP
 B = Vault XP
 C = Vault XP percentage of total XP
 D = Non-vault monster count
 E = Vault monster count
 F = Vault count percentage of total count
                 A         B        C        D         E       F
            +---------+---------+-------+---------+---------+-------
      Total |      49 |       0 |   0.0 |      28 |       0 |   0.0
            +---------+---------+-------+---------+---------+-------
        D:1 |      36 |       0 |   0.0 |      21 |       0 |   0.0
        D:2 |      13 |       0 |   0.0 |       7 |       0 |   0.0
            +---------+---------+-------+---------+---------+-------
